 Dungeon Crawl Stone Soup version 0.26-a0-712-ga5a9c9c9d0 (webtiles) character file.

Game seed: 5172219989696550508

84 Azzok the Chopper (level 4, 30/35 HPs)
             Began as a Demonspawn Berserker on Nov 7, 2020.
             Was a Follower of Trog.
             Quit the game on level 2 of the Dungeon.
             The game lasted 00:01:33 (1467 turns).

Azzok the Chopper (Demonspawn Berserker)            Turns: 1467, Time: 00:01:34

Health: 30/35      AC:  9    Str: 19    XL:     4   Next: 23%
Magic:  4/4        EV:  8    Int:  8    God:    Trog [*.....]
Gold:   35         SH:  0    Dex: 12    Spells: 3/3 levels left

rFire    + . .     SeeInvis .   a - +0 hand axe
rCold    . . .     Faith    .   (no shield)
rNeg     . . .     Spirit   .   e - +0 chain mail
rPois    .         Reflect  .   (no helmet)
rElec    .         Harm     .   (no cloak)
rCorr    .         Rampage  .   g - +0 pair of gloves
MR       .....                  (no boots)
Stlth    ..........             (no amulet)
HPRegen  0.11/turn              (no ring)
MPRegen  0.09/turn              (no ring)

@: no status effects
A: demonic guardian 1, fire resistance 1
a: Berserk, Renounce Religion


You were on level 2 of the Dungeon.
You worshipped Trog.
Trog was aware of your devotion.
You visited 1 branch of the dungeon, and saw 2 of its levels.

You collected 35 gold pieces.

Inventory:

Hand Weapons
 a - a +0 hand axe (weapon)
Armour
 e - a +0 chain mail (worn)
 g - a +0 pair of gloves (worn)
Scrolls
 c - 2 scrolls of remove curse
Potions
 f - a potion of brilliance {unknown}


   Skills:
 - Level 3.0 Fighting
 + Level 4.6 Axes
 - Level 1.7 Armour
 - Level 1.7 Dodging


You had 3 spell levels left.
You didn't know any spells.
Your spell library was empty.

Dungeon Overview and Level Annotations

Branches:
Dungeon (2/15)

Altars:


Innate Abilities, Weirdness & Mutations

A weak demonic guardian rushes to your aid.
Your flesh is heat resistant. (rF+)


Message History

Natasha mumbles some strange words.
You barely miss Natasha.
Natasha is severely wounded.
Natasha closely misses you.
You slash Natasha!
You kill Natasha!
Trog accepts your kill.
Trog appreciates your killing of a magic user.
Natasha screams in pain as she dies!
The shadow imp disappears in a puff of smoke!
You have reached level 4!
You feel stronger.
You feel a strong urge to attack something.
You feel your anger nearly subside.
You are no longer berserk.
You are exhausted.
You feel yourself slow down.
Your shadow imp disappears in a puff of smoke!
You feel yourself speed up.
You recover from your berserk rage.
Are you sure you want to abandon this character and quit the game? (Confirm with "yes".)

▒············>···▒
▒▒·▒▒·▒▒···▒▒▒▒▒··▒ ▒
▒▒···▒·▒▒···▒▒▒▒▒
▒·▒▒···········▒▒···
▒·▒·······▒▒······▒
▒·····<···▒▒·▒▒▒··▒
▒▒▒▒····†·····▒ ▒··▒
··>·····†····[▒▒▒··▒ ▒
▒▒▒▒▒▒···▒▒▒▒>··@··▒▒▒▒▒····
▒▒·▒▒ ▒▒▒·▒▒=······▒ ▒·▒
▒·▒▒▒·▒▒▒▒▒·▒ ▒·▒ ·······▒
··· ···▒▒▒▒··▒ ▒▒▒ ▒▒▒▒▒
·▒·▒ ·▒·▒ ·▒ ▒ ··


There were no monsters in sight!

Vanquished Creatures
  Natasha (twice) (D:2)
  An ooze (D:1)
  2 giant cockroaches
  2 goblins (D:1)
  5 hobgoblins
  4 jackals (D:2)
  9 bats
  2 frilled lizards (D:1)
  2 kobolds (D:1)
29 creatures vanquished.

Notes
Turn   | Place    | Note
-------+----------+-------------------------------------------
     0 | D:1      | Azzok the Demonspawn Berserker began the quest for the Orb.
     0 | D:1      | Reached XP level 1. HP: 18/18 MP: 1/1
   145 | D:1      | Reached skill level 3 in Axes
   192 | D:1      | Gained mutation: Your flesh is heat resistant. (rF+)
                  | [demonic ancestry]
   192 | D:1      | Reached XP level 2. HP: 15/24 MP: 2/2
  1132 | D:2      | Noticed Natasha
  1137 | D:2      | Killed Natasha
  1137 | D:2      | Reached skill level 4 in Axes
  1137 | D:2      | Gained mutation: A weak demonic guardian rushes to your
                  | aid. [demonic ancestry]
  1137 | D:2      | Reached XP level 3. HP: 26/29 MP: 3/3
  1407 | D:2      | Noticed Natasha
  1419 | D:2      | Killed Natasha
  1419 | D:2      | Reached XP level 4. HP: 34/35 MP: 4/4
  1467 | D:2      | Quit the game

Illustrated notes

Levels and vault maps discovered:
D:1:      dpeg_arrival_boxes_within_box, layout_basic, minmay_split_cup_small
D:2:      layout_loops_ring, xom_butterflies, uniq_natasha

Skill      XL: |  1  2 |
---------------+-------+-----
Axes           | 3 4 |  4.6
Fighting       | |  3.0
Armour         | |  1.7
Dodging        | |  1.7

Action                   |  1- 3 |  4- 6 || total
-------------------------+-------+-------++-------
Melee: Hand axe          |    97 |       ||    97
Invok: Berserk           |     2 |       ||     2
  Use: Scroll            |     1 |       ||     1
 Stab: Sleeping          |     1 |       ||     1
Armor: Animal skin       |    15 |       ||    15
       Chain mail        |    47 |       ||    47
Dodge: Dodged            |    52 |       ||    52

Table legend: (Time is in decaauts)
 A = Elapsed time spent in this place.
 B = Non-inter-level travel time spent in this place.
 C = Inter-level travel time spent in this place.
 D = Time resting spent in this place.
 E = Time spent auto-exploring this place.
 F = Levels seen in this place.
 G = Mean time per level.
                   A        B        C        D        E       F      G
               +--------+--------+--------+--------+--------+-----+--------+
         Total |   1496 |   1481 |     15 |    174 |   1052 |   2 |  748.0 |
       Dungeon |   1496 |   1481 |     15 |    174 |   1052 |   2 |  748.0 |
               +--------+--------+--------+--------+--------+-----+--------+

Top non-repeatable levels by time:
     D:1: 1140 daAuts
     D:2: 356 daAuts
